AoeStats
← bok2basics

Arena

510729577Analyzed
1v1 RM · 23h ago on Oct 2, 2026· 55m 43s· 2 players
Game mode
Random Map
Map size
Tiny (2 player)
Population
200
Speed
Normal
Resources
Standard
Victory
Conquest
Starting age
Dark Age
Ending age
Imperial Age
RankedLock teamsTeams togetherTeam positionsShared explorationLock speedFull tech treeHidden civsTurbo modeCheats
Victory
Defeat
🇬🇧 Saxons · United Kingdom
1325
+19
🇸🇮 Bohemians · Slovenia
1380
-19
bok2basics
10:12 Feudal Age
14:03 Castle Age
13:18 Double-Bit Axe
16:13 Bow Saw
20:34 Atonement
20:46 Horse Collar
22:21 Loom
23:19 Redemption
25:25 Heavy Plow
26:45 Sanctity
26:24 Gold Mining
28:03 Wheelbarrow
31:21 Imperial Age
29:28 Fletching
30:30 Hand Cart
31:41 Scale Mail Armor
31:51 Forging
31:05 Clerical Recruitment
32:24 Block Printing
31:32 Capped Ram
33:55 Chemistry
34:13 Bodkin Arrow
34:18 Padded Archer Armor
34:41 Elite Skirmisher
35:23 Bracer
36:05 Leather Archer Armor
37:53 Conscription
38:26 Ballistics
38:20 Siege Ram
38:27 Pikeman
39:07 Squires
39:24 Chain Mail Armor
39:44 Iron Casting
39:25 Halberdier
40:37 Plate Mail Armor
40:16 Shield Wall
43:10 Elite Varangian Guard
43:29 Elite Varangian Guard
44:35 Onager
45:04 Elite Varangian Guard
45:43 Arson
49:51 Ring Archer Armor
50:03 Siege Engineers
jure53
11:07 Feudal Age
14:57 Castle Age
12:52 Horse Collar
13:43 Double-Bit Axe
16:33 Fervor
20:40 Loom
21:56 Heavy Plow
22:10 Bow Saw
24:03 Wheelbarrow
27:56 Imperial Age
27:32 Chemistry
26:29 Fletching
28:16 Scale Mail Armor
31:46 Hand Cart
34:31 Padded Archer Armor
35:31 Scale Barding Armor
35:02 Light Cavalry
35:46 Husbandry
36:32 Chain Barding Armor
37:12 Conscription
37:44 Forging
37:00 Houfnice
40:16 Leather Archer Armor
42:57 Iron Casting
46:41 Elite Hussite Wagon
47:41 Bodkin Arrow
50:23 Blast Furnace
49:12 Elite Skirmisher
49:56 Bracer
51:34 Ballistics
52:20 Masonry
52:21 Siege Engineers
52:52 Town Watch
Connection lost

Rejoining the realm…

Still unreachable

The connection could not be restored.

Session expired

The server has moved on; the page needs a fresh start.